[Event "28th CRO-chT 1B-Men 2019"]
[Site "Mali Losinj"]
[Date "2019.10.02"]
[Round "5.4"]
[White "Malenica, Mario"]
[Black "Bukal, Vladimir Jr."]
[Result "1-0"]
[ECO "A30"]
[WhiteElo "2221"]
[BlackElo "2390"]
[Annotator "NA"]
[PlyCount "89"]
[EventDate "2019.09.28"]
[EventType "team-tourn"]
[EventCountry "CRO"]
[SourceTitle "playchess.com"]
[Source "ChessBase"]
[SourceQuality "1"]
[TimeControl "40/5400+30:1800+30"]

1. Nf3 b6 2. g3 Bb7 3. Bg2 g6 4. c4 Bg7 5. Nc3 Nf6 6. O-O O-O 7. Qc2 c5 8. e3 a6 9. d4 d6 10. b3 Nbd7 11. Bb2 Qc7 12. d5 b5 13. e4 bxc4 14. bxc4 Rab8 15. Na4 e6 16. Rfe1 e5 17. Rab1 Bc8 18. Bc3 Rxb1 19. Rxb1 Qd8 20. Ne1 Ng4 21. h3 Nh6 22. Nd3 f5 23. f3 fxe4 24. fxe4 Qg5 25. Be1 Nf7 26. Kh2 Bh6 27. Qe2 Nf6 28. Rb8 Bg4 29. Rxf8+ Kxf8 30. hxg4 Nxg4+ 31. Kg1 Qh5 32. Bf3 Be3+ 33. Kf1 Bd4 34. Bf2 Ng5 35. Ke1 Kg7 36. Bxg4 Qh1+ 37. Kd2 Nxe4+ 38. Kc2 Nxf2 39. Nxf2 Qa1 40. Kb3 Qb1+ 41. Nb2 Qc1 42. Nfd1 Qg5 43. Qf3 Qe7 44. Be6 h5 45. Kc2 1-0

[Event "28th CRO-chT 1B-Men 2019"]
[Site "Mali Losinj"]
[Date "2019.10.02"]
[Round "5.6"]
[White "Tesla, Miro"]
[Black "Antunac, Goran"]
[Result "0-1"]
[ECO "E90"]
[WhiteElo "2073"]
[BlackElo "2379"]
[Annotator "NA"]
[PlyCount "154"]
[EventDate "2019.09.28"]
[EventType "team-tourn"]
[EventCountry "CRO"]
[SourceTitle "playchess.com"]
[Source "ChessBase"]
[SourceQuality "1"]
[TimeControl "40/5400+30:1800+30"]

1. d4 Nf6 2. c4 c5 3. d5 g6 4. Nc3 Bg7 5. e4 d6 6. Bd3 O-O 7. h3 Na6 8. Nf3 Nc7 9. O-O e6 10. Qb3 Rb8 11. a4 b6 12. Bg5 h6 13. Bd2 a6 14. Rae1 exd5 15. exd5 b5 16. axb5 axb5 17. cxb5 Na6 18. Bf4 Nb4 19. Bb1 Nh5 20. Bh2 f5 21. Nd2 Rf7 22. Nc4 Bf8 23. Qd1 Nf6 24. Re2 g5 25. Rfe1 f4 26. f3 Bd7 27. b6 Bc8 28. h4 Ba6 29. b3 Rxb6 30. Bg6 Rg7 31. h5 Rbb7 32. g3 fxg3 33. Bxg3 Rbe7 34. f4 Rxe2 35. Rxe2 Nxh5 36. Re8 Qf6 37. Bxh5 Qxc3 38. Qe1 Qxe1+ 39. Bxe1 gxf4+ 40. Kh2 Re7 41. Nxd6 Rxe8 42. Nxe8 Nxd5 43. Bd2 Be7 44. Bf3 Ne3 45. Nc7 Nf1+ 46. Kg2 Nxd2 47. Nxa6 Bd6 48. Kf2 Kg7 49. Bd5 Kf6 50. Ke2 Ke5 51. Bf7 Ne4 52. Bg6 Ng3+ 53. Kf3 Nf5 54. Bf7 Nd4+ 55. Kf2 Ke4 56. Bg6+ Kd5 57. Be8 Ke6 58. Ba4 Ke7 59. Kg2 Kd8 60. Kh3 h5 61. Kh4 f3 62. Kh3 h4 63. b4 cxb4 64. Nxb4 Bxb4 65. Bd1 Be7 66. Ba4 Bf6 67. Bd1 Ke7 68. Ba4 Kd6 69. Be8 Ke5 70. Bh5 Kf4 71. Bf7 Ke3 72. Bc4 Kd2 73. Kh2 Ke1 74. Ba6 f2 75. Kg2 Ne2 76. Bxe2 Kxe2 77. Kh2 Be5+ 0-1

[Event "28th CRO-chT 1B-Men 2019"]
[Site "Mali Losinj"]
[Date "2019.10.02"]
[Round "5.8"]
[White "Bogut, Zeljko"]
[Black "Kadric, Denis"]
[Result "0-1"]
[ECO "C41"]
[WhiteElo "2386"]
[BlackElo "2577"]
[Annotator "ChessBase"]
[PlyCount "48"]
[EventDate "2019.09.28"]
[EventType "team-tourn"]
[EventCountry "CRO"]
[SourceTitle "playchess.com"]
[Source "ChessBase"]
[SourceQuality "1"]
[TimeControl "40/5400+30:1800+30"]

1. e4 d6 2. d4 Nf6 3. Nc3 Nbd7 4. Nf3 e5 5. Bc4 Be7 6. O-O O-O 7. Re1 c6 8. a4 exd4 9. Nxd4 Ne5 10. Ba2 Re8 11. h3 Ng6 12. Qf3 Qa5 13. Be3 Bd8 14. Rad1 Bc7 15. Nb3 Qe5 16. Bd4 Qg5 17. Bxf6 gxf6 18. Nd2 d5 19. g4 h5 20. exd5 Rxe1+ 21. Rxe1 Qxd2 22. Re8+ Kh7 23. dxc6 Be6 24. Rxa8 Qe1+ 0-1

[Event "28th CRO-chT 1B-Men 2019"]
[Site "Mali Losinj"]
[Date "2019.10.02"]
[Round "5.10"]
[White "Bender, Ivan"]
[Black "Bosnjak, Petar"]
[Result "0-1"]
[ECO "B92"]
[WhiteElo "2234"]
[BlackElo "2265"]
[Annotator "NA"]
[PlyCount "35"]
[EventDate "2019.09.28"]
[EventType "team-tourn"]
[EventCountry "CRO"]
[SourceTitle "playchess.com"]
[Source "ChessBase"]
[SourceQuality "1"]
[TimeControl "40/5400+30:1800+30"]

1. e4 c5 2. Nf3 d6 3. d4 cxd4 4. Nxd4 Nf6 5. Nc3 a6 6. Be3 e5 7. Nb3 Be6 8. Be2 Be7 9. O-O O-O 10. Re1 Nbd7 11. h3 Qc7 12. a4 Nb6 13. a5 Nc4 14. Bxc4 Qxc4 15. Bg5 Qc6 16. Nd2 Rfd8 17. Qf3 h6 18. Nf1 0-1

[Event "28th CRO-chT 1B-Men 2019"]
[Site "Mali Losinj"]
[Date "2019.10.02"]
[Round "5.11"]
[White "Pucovski, Miroslav"]
[Black "Levacic, Patrick"]
[Result "1/2-1/2"]
[ECO "C02"]
[WhiteElo "2238"]
[BlackElo "2245"]
[Annotator "NA"]
[PlyCount "20"]
[EventDate "2019.09.28"]
[EventType "team-tourn"]
[EventCountry "CRO"]
[SourceTitle "playchess.com"]
[Source "ChessBase"]
[SourceQuality "1"]
[TimeControl "40/5400+30:1800+30"]

1. e4 e6 2. d4 d5 3. e5 c5 4. c3 Nc6 5. Nf3 Bd7 6. Be2 Nge7 7. Na3 cxd4 8. cxd4 Nf5 9. Nc2 Qb6 10. O-O Be7 1/2-1/2

[Event "28th CRO-chT 1B-Men 2019"]
[Site "Mali Losinj"]
[Date "2019.10.02"]
[Round "5.12"]
[White "Ivankovic, Ivo"]
[Black "Bubalovic, Davorin"]
[Result "1/2-1/2"]
[ECO "A24"]
[WhiteElo "2054"]
[BlackElo "2212"]
[Annotator "NA"]
[PlyCount "62"]
[EventDate "2019.09.28"]
[EventType "team-tourn"]
[EventCountry "CRO"]
[SourceTitle "playchess.com"]
[Source "ChessBase"]
[SourceQuality "1"]
[TimeControl "40/5400+30:1800+30"]

1. c4 Nf6 2. Nc3 g6 3. Nf3 Bg7 4. g3 d6 5. Bg2 O-O 6. O-O e5 7. d3 c6 8. c5 Re8 9. cxd6 Qxd6 10. Qa4 Na6 11. Qh4 Nc5 12. Bh6 Bh8 13. Ng5 Qd4 14. Nf3 Qxh4 15. Nxh4 Ne6 16. Bd2 Bd7 17. Rac1 Rac8 18. b4 Bg7 19. Rfe1 Bf8 20. a3 Nd4 21. Bg5 Kg7 22. Bxf6+ Kxf6 23. Ne4+ Kg7 24. Nc5 Bg4 25. f3 b6 26. fxg4 bxc5 27. bxc5 a5 28. Rc4 Nb3 29. a4 Bxc5+ 30. Kh1 Bb4 31. Rd1 c5 1/2-1/2

[Event "28th CRO-chT 1B-Men 2019"]
[Site "Mali Losinj"]
[Date "2019.10.02"]
[Round "5.13"]
[White "Ruck, Robert"]
[Black "Ivic, Velimir"]
[Result "1/2-1/2"]
[ECO "B31"]
[WhiteElo "2530"]
[BlackElo "2525"]
[Annotator "ChessBase"]
[PlyCount "52"]
[EventDate "2019.09.28"]
[EventType "team-tourn"]
[EventCountry "CRO"]
[SourceTitle "playchess.com"]
[Source "ChessBase"]
[SourceQuality "1"]
[TimeControl "40/5400+30:1800+30"]

1. e4 c5 2. Nf3 Nc6 3. Bb5 g6 4. O-O Bg7 5. c3 e5 6. d4 cxd4 7. cxd4 exd4 8. Bf4 a6 9. Qa4 Nge7 10. Bd6 Ra7 11. Bd3 O-O 12. Nbd2 b5 13. Qd1 Bb7 14. a4 bxa4 15. Qxa4 a5 16. Rfd1 h6 17. Nb3 Re8 18. Nbxd4 Nxd4 19. Nxd4 Qb6 20. Nb5 Bc6 21. Qa3 Bxb5 22. Bc5 Qb7 23. Bxb5 Raa8 24. Qa4 Nc6 25. Be3 Rab8 26. Bxc6 Qxc6 1/2-1/2

[Event "28th CRO-chT 1B-Men 2019"]
[Site "Mali Losinj"]
[Date "2019.10.02"]
[Round "5.14"]
[White "Doric, Darko"]
[Black "Horvath, Adam"]
[Result "1-0"]
[ECO "D03"]
[WhiteElo "2476"]
[BlackElo "2489"]
[Annotator "ChessBase"]
[PlyCount "79"]
[EventDate "2019.09.28"]
[EventType "team-tourn"]
[EventCountry "CRO"]
[SourceTitle "playchess.com"]
[Source "ChessBase"]
[SourceQuality "1"]
[TimeControl "40/5400+30:1800+30"]

1. d4 Nf6 2. Bg5 e6 3. e3 c5 4. Nd2 d5 5. c3 Nc6 6. Ngf3 h6 7. Bh4 Be7 8. Bd3 cxd4 9. exd4 Nh5 10. Bxe7 Qxe7 11. O-O Nf4 12. Bc2 Qf6 13. g3 Ng6 14. Qe2 O-O 15. h4 e5 16. h5 Bg4 17. hxg6 e4 18. Qb5 exf3 19. Qxd5 Rae8 20. gxf7+ Rxf7 21. Ne4 Qf5 22. Qxf5 Bxf5 23. Nd6 Bxc2 24. Nxe8 Rd7 25. Rfe1 Kf8 26. d5 Na5 27. d6 Nc4 28. b3 Na3 29. Nc7 Rxd6 30. Ne6+ Kg8 31. Nd4 Bg6 32. Re7 Nb1 33. Nxf3 Nxc3 34. Rc1 Rc6 35. Kh2 Nxa2 36. Rd1 Bh5 37. Rd8+ Kh7 38. Ne5 Rf6 39. Rdd7 Rxf2+ 40. Kg1 1-0

[Event "28th CRO-chT 1B-Men 2019"]
[Site "Mali Losinj"]
[Date "2019.10.02"]
[Round "5.15"]
[White "Dabo-Peranic, Robert"]
[Black "Plenkovic, Zdenko"]
[Result "1-0"]
[ECO "B01"]
[WhiteElo "2323"]
[BlackElo "2368"]
[Annotator "NA"]
[PlyCount "60"]
[EventDate "2019.09.28"]
[EventType "team-tourn"]
[EventCountry "CRO"]
[SourceTitle "playchess.com"]
[Source "ChessBase"]
[SourceQuality "1"]
[TimeControl "40/5400+30:1800+30"]

1. e4 d5 2. exd5 Qxd5 3. Nc3 Qd6 4. d4 Nf6 5. Nf3 g6 6. Nb5 Qb6 7. c4 c6 8. Nc3 Bg7 9. Be2 O-O 10. O-O c5 11. Na4 Qc7 12. Nxc5 Nc6 13. Nb3 Rd8 14. Be3 a5 15. h3 a4 16. Nbd2 Nh5 17. d5 a3 18. bxa3 Bxa1 19. Qxa1 Nb8 20. Rb1 Nd7 21. Nd4 Qe5 22. g4 Nf4 23. Bf1 Rxa3 24. N2f3 Qe4 25. Nd2 Qe5 26. N2f3 Qe4 27. Ng5 Qe5 28. Bxf4 Qxf4 29. Nde6 fxe6 30. Nxe6 Qf6 1-0

[Event "28th CRO-chT 1B-Men 2019"]
[Site "Mali Losinj"]
[Date "2019.10.02"]
[Round "5.17"]
[White "Martic, Zlatko"]
[Black "Polok, Kacper"]
[Result "1-0"]
[ECO "B32"]
[WhiteElo "2299"]
[BlackElo "2301"]
[Annotator "NA"]
[PlyCount "93"]
[EventDate "2019.09.28"]
[EventType "team-tourn"]
[EventCountry "CRO"]
[SourceTitle "playchess.com"]
[Source "ChessBase"]
[SourceQuality "1"]
[TimeControl "40/5400+30:1800+30"]

1. e4 c5 2. Nf3 Nc6 3. d4 cxd4 4. Nxd4 e5 5. Nb5 d6 6. N1c3 a6 7. Na3 Be6 8. Nc4 b5 9. Ne3 Nf6 10. Bd3 Be7 11. a4 b4 12. Ncd5 O-O 13. O-O Nd7 14. c3 bxc3 15. bxc3 Nc5 16. Ba3 Bg5 17. Bxc5 dxc5 18. Qe2 Bxe3 19. Nxe3 Qa5 20. Rfc1 Ne7 21. Nc4 Qc7 22. a5 Nc6 23. Qa2 Rad8 24. Bf1 Na7 25. Qb2 Bxc4 26. Bxc4 Rb8 27. Qa2 Nb5 28. Rab1 g6 29. h3 Kg7 30. Bxb5 axb5 31. a6 Rb6 32. Rb3 Ra8 33. Qb1 Qc6 34. Qb2 Raxa6 35. c4 b4 36. Qxe5+ f6 37. Qe7+ Kh6 38. Qf8+ Kh5 39. g4+ Kg5 40. Re3 Ra8 41. h4+ Kf4 42. Qh6+ Ke5 43. Rd1 Rg8 44. Rd5+ Ke6 45. e5 b3 46. exf6+ Kxf6 47. Rf3+ 1-0

[Event "28th CRO-chT 1B-Men 2019"]
[Site "Mali Losinj"]
[Date "2019.10.02"]
[Round "5.18"]
[White "Curic, Drazen"]
[Black "Matanovic, Luka"]
[Result "0-1"]
[ECO "C29"]
[WhiteElo "2137"]
[BlackElo "2245"]
[Annotator "NA"]
[PlyCount "54"]
[EventDate "2019.09.28"]
[EventType "team-tourn"]
[EventCountry "CRO"]
[SourceTitle "playchess.com"]
[Source "ChessBase"]
[SourceQuality "1"]
[TimeControl "40/5400+30:1800+30"]

1. e4 e5 2. Nc3 Nf6 3. f4 d5 4. fxe5 Nxe4 5. Qf3 Nxc3 6. dxc3 Be6 7. Bf4 Qd7 8. h3 Be7 9. O-O-O Nc6 10. Qg3 g5 11. Be3 O-O-O 12. Bb5 a6 13. Be2 Na5 14. Nf3 Qa4 15. a3 Nc4 16. Bxc4 Qxc4 17. Nd2 Qa2 18. Nb3 d4 19. cxd4 a5 20. d5 Bxd5 21. Qg4+ Kb8 22. Qa4 Bb4 23. Rxd5 Rxd5 24. Rd1 b5 25. Rxd5 bxa4 26. axb4 axb3 27. Rxa5 Kb7 0-1

[Event "28th CRO-chT 1B-Men 2019"]
[Site "Mali Losinj"]
[Date "2019.10.02"]
[Round "5.19"]
[White "Medvegy, Zoltan"]
[Black "Vavulin, Maxim"]
[Result "1-0"]
[ECO "A21"]
[WhiteElo "2539"]
[BlackElo "2550"]
[Annotator "ChessBase"]
[PlyCount "71"]
[EventDate "2019.09.28"]
[EventType "team-tourn"]
[EventCountry "CRO"]
[SourceTitle "playchess.com"]
[Source "ChessBase"]
[SourceQuality "1"]
[TimeControl "40/5400+30:1800+30"]

1. c4 g6 2. Nc3 Bg7 3. g3 e5 4. Bg2 f5 5. d3 Nf6 6. e4 O-O 7. Nge2 d6 8. exf5 gxf5 9. O-O c6 10. d4 Qe8 11. b3 f4 12. dxe5 dxe5 13. Ba3 Rf7 14. gxf4 exf4 15. Nxf4 Ng4 16. Nfe2 Rd7 17. Qe1 Rd8 18. h3 Nh6 19. Rd1 Nd7 20. Ne4 Nf5 21. N2g3 Ne5 22. f4 Rxd1 23. Qxd1 Ne3 24. Nh5 Nd7 25. Qe2 Bd4 26. Kh1 Qg6 27. Bb2 Bxb2 28. Rg1 Kf8 29. Qxb2 Qxh5 30. Qh8+ Ke7 31. Re1 Nxg2 32. Ng3+ Nxe1 33. Nxh5 Nf3 34. Qxh7+ Kd8 35. Qe4 Nh4 36. f5 1-0

[Event "28th CRO-chT 1B-Men 2019"]
[Site "Mali Losinj"]
[Date "2019.10.02"]
[Round "5.21"]
[White "Bilobrk, Franjo"]
[Black "Zufic, Miroslav"]
[Result "1-0"]
[ECO "D35"]
[WhiteElo "2334"]
[BlackElo "2367"]
[Annotator "NA"]
[PlyCount "67"]
[EventDate "2019.09.28"]
[EventType "team-tourn"]
[EventCountry "CRO"]
[SourceTitle "playchess.com"]
[Source "ChessBase"]
[SourceQuality "1"]
[TimeControl "40/5400+30:1800+30"]

1. d4 Nf6 2. c4 e6 3. Nf3 d5 4. Nc3 Nbd7 5. cxd5 exd5 6. Bg5 Be7 7. e3 c6 8. Bd3 Nh5 9. Bxe7 Qxe7 10. O-O Nhf6 11. Qc2 O-O 12. Rab1 Re8 13. b4 a6 14. a4 Nb6 15. Ne5 g6 16. a5 Nbd7 17. f4 Nh5 18. Rfe1 Nf8 19. Na4 f6 20. Nb6 Rb8 21. Nf3 Bg4 22. Nd2 Ng7 23. Qc5 Nfe6 24. Qxe7 Rxe7 25. Rbc1 Rbe8 26. Kf2 Bf5 27. Be2 h5 28. Na4 Bg4 29. Bd3 Bf5 30. Be2 Bg4 31. Bd3 Bf5 32. Be2 g5 33. g3 g4 34. Bf1 1-0

[Event "28th CRO-chT 1B-Men 2019"]
[Site "Mali Losinj"]
[Date "2019.10.02"]
[Round "5.24"]
[White "Ciganovic, Nikola"]
[Black "Zelic, Mladen"]
[Result "1-0"]
[ECO "C45"]
[WhiteElo "2219"]
[BlackElo "2209"]
[Annotator "NA"]
[PlyCount "65"]
[EventDate "2019.09.28"]
[EventType "team-tourn"]
[EventCountry "CRO"]
[SourceTitle "playchess.com"]
[Source "ChessBase"]
[SourceQuality "1"]
[TimeControl "40/5400+30:1800+30"]

1. e4 e5 2. Nf3 Nc6 3. d4 exd4 4. Nxd4 Bc5 5. Nb3 Bb6 6. Nc3 Nf6 7. Qe2 O-O 8. Bg5 h6 9. Bh4 Re8 10. O-O-O d6 11. f3 Be6 12. g4 Ne5 13. Nd4 Ng6 14. Nxe6 Rxe6 15. Bg3 Qe8 16. h4 Rd8 17. h5 Nf8 18. Qh2 Qc6 19. Bd3 N8h7 20. e5 Nd7 21. Be4 Qc5 22. exd6 cxd6 23. Bxd6 Qc8 24. Bf5 Ree8 25. Nd5 Qc4 26. b3 Qa6 27. Kb1 Nc5 28. Bc7 Rxd5 29. Rxd5 Re2 30. Rd8+ Nf8 31. Rxf8+ Kxf8 32. Qd6+ Re7 33. Qd8+ 1-0

[Event "28th CRO-chT 1B-Men 2019"]
[Site "Mali Losinj"]
[Date "2019.10.03"]
[Round "6.1"]
[White "Sedlak, Nikola"]
[Black "Sokolov, Ivan"]
[Result "1/2-1/2"]
[ECO "D61"]
[WhiteElo "2557"]
[BlackElo "2584"]
[Annotator "RC"]
[PlyCount "51"]
[EventDate "2019.09.28"]
[EventType "team-tourn"]
[EventCountry "CRO"]
[SourceTitle "playchess.com"]
[Source "ChessBase"]
[SourceQuality "1"]
[TimeControl "40/5400+30:1800+30"]

1. d4 Nf6 2. c4 e6 3. Nf3 d5 4. Nc3 Nbd7 5. Qc2 Be7 6. Bg5 O-O 7. e3 h6 8. Bh4 c5 9. dxc5 Nxc5 10. Rd1 Qa5 11. Nd2 Bd7 12. a3 g5 13. Bg3 Nce4 14. Be5 Nxd2 15. Rxd2 Bc6 16. h4 dxc4 17. Bd4 g4 18. Bxc4 Bxg2 19. Rg1 Bf3 20. Bxe6 fxe6 21. Qg6+ Kh8 22. Qxh6+ Kg8 23. Qg6+ Kh8 24. Rxg4 Bxg4 25. Qh6+ Kg8 26. Qg6+ 1/2-1/2

[Event "28th CRO-chT 1B-Men 2019"]
[Site "Mali Losinj"]
[Date "2019.10.03"]
[Round "6.6"]
[White "Tomasic, Roland"]
[Black "Tesla, Miro"]
[Result "1-0"]
[ECO "B86"]
[WhiteElo "2111"]
[BlackElo "2073"]
[Annotator "NA"]
[PlyCount "111"]
[EventDate "2019.09.28"]
[EventType "team-tourn"]
[EventCountry "CRO"]
[SourceTitle "playchess.com"]
[Source "ChessBase"]
[SourceQuality "1"]
[TimeControl "40/5400+30:1800+30"]

1. e4 c5 2. Nf3 d6 3. d4 cxd4 4. Nxd4 Nf6 5. Nc3 a6 6. Bc4 e6 7. Bb3 Nbd7 8. f4 Nc5 9. Qf3 b5 10. f5 e5 11. Nc6 Qd7 12. Nb4 Nxb3 13. axb3 Bb7 14. Bg5 Nxe4 15. Nxe4 d5 16. Bd2 dxe4 17. Qg4 f6 18. O-O-O Qf7 19. Na2 Bc5 20. Rhe1 O-O 21. Nc3 Rfc8 22. Nxe4 Bf8 23. Bc3 b4 24. Rd7 Be7 25. Bxb4 Qxb3 26. Nc5 Qf7 27. Rxb7 Rab8 28. Rxb8 Rxb8 29. Rd1 Qa2 30. Nd3 Bxb4 31. Nxb4 Qa1+ 32. Kd2 Qxb2 33. Qc4+ Kh8 34. Nd3 Qb7 35. Nc5 Qxg2+ 36. Kc3 Qf3+ 37. Qd3 Qa8 38. Qd5 a5 39. Qxa8 Rxa8 40. Ra1 g6 41. fxg6 hxg6 42. Kc4 Kg7 43. Rb1 f5 44. Kd5 e4 45. Ke5 a4 46. Ne6+ Kh6 47. c4 a3 48. c5 a2 49. Ra1 e3 50. c6 e2 51. c7 Re8 52. Kd6 f4 53. Kd7 f3 54. Kxe8 f2 55. c8=Q e1=Q 56. Qc1+ 1-0

[Event "28th CRO-chT 1B-Men 2019"]
[Site "Mali Losinj"]
[Date "2019.10.03"]
[Round "6.11"]
[White "Ciganovic, Nikola"]
[Black "Blagojevic, Marijan"]
[Result "1-0"]
[ECO "B90"]
[WhiteElo "2219"]
[BlackElo "2196"]
[Annotator "NA"]
[PlyCount "49"]
[EventDate "2019.09.28"]
[EventType "team-tourn"]
[EventCountry "CRO"]
[SourceTitle "playchess.com"]
[Source "ChessBase"]
[SourceQuality "1"]
[TimeControl "40/5400+30:1800+30"]

1. e4 c5 2. Nf3 d6 3. d4 cxd4 4. Nxd4 Nf6 5. Nc3 a6 6. Qf3 e6 7. g4 Qc7 8. Be3 Nc6 9. g5 Nd7 10. O-O-O Nde5 11. Qg3 Nxd4 12. Bxd4 Bd7 13. f4 Nc6 14. f5 O-O-O 15. Be3 Ne5 16. Qg1 Re8 17. Bb6 Qc6 18. fxe6 fxe6 19. a4 Kb8 20. Qd4 Nf3 21. Qe3 Be7 22. h4 Ne5 23. Nb5 Ng4 24. Bc7+ Kc8 25. Qa7 1-0

[Event "28th CRO-chT 1B-Men 2019"]
[Site "Mali Losinj"]
[Date "2019.10.03"]
[Round "6.12"]
[White "Machata, Martin"]
[Black "Glavas, Dragan"]
[Result "0-1"]
[ECO "D26"]
[WhiteElo "2179"]
[BlackElo "2238"]
[Annotator "NA"]
[PlyCount "112"]
[EventDate "2019.09.28"]
[EventType "team-tourn"]
[EventCountry "CRO"]
[SourceTitle "playchess.com"]
[Source "ChessBase"]
[SourceQuality "1"]
[TimeControl "40/5400+30:1800+30"]

1. Nf3 d5 2. c4 dxc4 3. e3 Nf6 4. Bxc4 e6 5. d4 Be7 6. Nc3 c5 7. O-O O-O 8. Qe2 a6 9. dxc5 Bxc5 10. Rd1 Qc7 11. e4 Ng4 12. Be3 Bxe3 13. fxe3 Nc6 14. Rac1 Bd7 15. Bb3 Rad8 16. h3 Nge5 17. Nd4 Qa5 18. Rd2 Ng6 19. Rcd1 Nxd4 20. exd4 Qg5 21. Kh1 h5 22. d5 e5 23. d6 Nf4 24. Qf2 Bc6 25. Bd5 Bxd5 26. Nxd5 Nxd5 27. Rxd5 Rd7 28. Kh2 Rc8 29. R1d3 h4 30. Rf3 f6 31. Rf5 Qg3+ 32. Qxg3 hxg3+ 33. Kxg3 Rc4 34. Rf2 Rxe4 35. Rc2 Kf7 36. Kf3 Rf4+ 37. Ke3 Ke6 38. Rcd2 Rb4 39. g4 Rb6 40. Ke4 Rbxd6 41. Rxd6+ Rxd6 42. Rc2 g6 43. Rc7 f5+ 44. Ke3 Rd7 45. Rxd7 Kxd7 46. g5 Ke6 47. Kf3 Kd5 48. h4 b5 49. b4 e4+ 50. Kf4 Kd6 51. h5 gxh5 52. Kxf5 e3 53. g6 Ke7 54. Kg5 e2 55. Kh6 e1=Q 56. g7 Kf7 0-1

[Event "28th CRO-chT 1B-Men 2019"]
[Site "Mali Losinj"]
[Date "2019.10.03"]
[Round "6.14"]
[White "Rezan, Sasa"]
[Black "Doric, Darko"]
[Result "1/2-1/2"]
[ECO "D26"]
[WhiteElo "2432"]
[BlackElo "2476"]
[Annotator "ChessBase"]
[PlyCount "90"]
[EventDate "2019.09.28"]
[EventType "team-tourn"]
[EventCountry "CRO"]
[SourceTitle "playchess.com"]
[Source "ChessBase"]
[SourceQuality "1"]
[TimeControl "40/5400+30:1800+30"]

1. d4 d5 2. c4 dxc4 3. e3 e6 4. Bxc4 Nf6 5. Nf3 a6 6. a4 b6 7. O-O Bb7 8. Qe2 Bb4 9. Bd3 c5 10. e4 cxd4 11. e5 Bxf3 12. Qxf3 Nd5 13. Qg4 g6 14. Nd2 Nc6 15. Nf3 Qc7 16. Qe4 Bf8 17. Bd2 Bg7 18. Rac1 Qd7 19. h4 O-O 20. h5 Rfc8 21. Rc4 a5 22. Re1 Ndb4 23. Bxb4 Nxb4 24. Rxd4 Qe7 25. Rd6 Rd8 26. Bb5 Rac8 27. Rxb6 gxh5 28. Rb7 Rc7 29. Rxc7 Qxc7 30. Qh4 h6 31. Re4 Rd1+ 32. Kh2 Qc1 33. Rc4 Qb1 34. Qe4 Qxe4 35. Rxe4 Rb1 36. Rc4 Rxb2 37. Kg3 h4+ 38. Rxh4 Rb3 39. Kh2 Nd3 40. Bxd3 Rxd3 41. Re4 Bf8 42. Rg4+ Kh7 43. Rf4 Kg7 44. Rg4+ Kh7 45. Rf4 Kg6 1/2-1/2

[Event "28th CRO-chT 1B-Men 2019"]
[Site "Mali Losinj"]
[Date "2019.10.03"]
[Round "6.16"]
[White "Biliskov, Vjekoslav"]
[Black "Rade, Miroslav"]
[Result "1/2-1/2"]
[ECO "D85"]
[WhiteElo "2333"]
[BlackElo "2390"]
[Annotator "NA RC"]
[PlyCount "45"]
[EventDate "2019.09.28"]
[EventType "team-tourn"]
[EventCountry "CRO"]
[SourceTitle "playchess.com"]
[Source "ChessBase"]
[SourceQuality "1"]
[TimeControl "40/5400+30:1800+30"]

1. d4 Nf6 2. c4 g6 3. Nc3 d5 4. cxd5 Nxd5 5. e4 Nxc3 6. bxc3 c5 7. Bb5+ Bd7 8. Be2 Bg7 9. Nf3 Bg4 10. Qa4+ Nc6 11. e5 cxd4 12. cxd4 Qd7 13. Be3 Nxe5 14. Bb5 Nc6 15. Ne5 Bxe5 16. dxe5 O-O 17. O-O Rfc8 18. Rac1 a6 19. Bxc6 Rxc6 20. Rxc6 bxc6 21. Rc1 Be6 22. Rxc6 Qe8 23. Qc2 1/2-1/2

[Event "28th CRO-chT 1B-Men 2019"]
[Site "Mali Losinj"]
[Date "2019.10.03"]
[Round "6.17"]
[White "Polok, Kacper"]
[Black "Sinanovic, Muhamed"]
[Result "1-0"]
[ECO "E11"]
[WhiteElo "2301"]
[BlackElo "2312"]
[Annotator "NA"]
[PlyCount "67"]
[EventDate "2019.09.28"]
[EventType "team-tourn"]
[EventCountry "CRO"]
[SourceTitle "playchess.com"]
[Source "ChessBase"]
[SourceQuality "1"]
[TimeControl "40/5400+30:1800+30"]

1. d4 Nf6 2. c4 e6 3. Nf3 Bb4+ 4. Nbd2 O-O 5. a3 Be7 6. e4 d6 7. Bd3 Nfd7 8. b4 e5 9. d5 a5 10. Bb2 c5 11. b5 Bg5 12. h4 Bh6 13. Qe2 Nb6 14. Nf1 Na4 15. Bc1 Bxc1 16. Rxc1 Nd7 17. Ne3 Nf6 18. Nh2 Nb6 19. O-O g6 20. g4 Ne8 21. Ng2 Nd7 22. Rc3 h6 23. Bc2 g5 24. Rh3 f6 25. Ne3 Rf7 26. Nf5 Rh7 27. hxg5 hxg5 28. Rxh7 Kxh7 29. f4 Nf8 30. fxg5 fxg5 31. Nh6 Ng6 32. Nf7 Qe7 33. Nf3 Kg7 34. N3xg5 1-0

[Event "28th CRO-chT 1B-Men 2019"]
[Site "Mali Losinj"]
[Date "2019.10.03"]
[Round "6.18"]
[White "Zelic, Mladen"]
[Black "Ivic, Mateo"]
[Result "1-0"]
[ECO "C32"]
[WhiteElo "2209"]
[BlackElo "2140"]
[Annotator "NA"]
[PlyCount "37"]
[EventDate "2019.09.28"]
[EventType "team-tourn"]
[EventCountry "CRO"]
[SourceTitle "playchess.com"]
[Source "ChessBase"]
[SourceQuality "1"]
[TimeControl "40/5400+30:1800+30"]

1. e4 e5 2. f4 d5 3. exd5 e4 4. d3 Nf6 5. dxe4 Nxe4 6. Nf3 Bc5 7. Qe2 Bf5 8. Nc3 Qe7 9. Be3 Nd7 10. Nxe4 Bxe4 11. Bxc5 Nxc5 12. O-O-O O-O-O 13. Ng5 Kb8 14. Qe3 Rhe8 15. Bc4 Qf6 16. Rhe1 b6 17. Bb5 Re7 18. Rd4 a6 19. Bc6 1-0

[Event "28th CRO-chT 1B-Men 2019"]
[Site "Mali Losinj"]
[Date "2019.10.03"]
[Round "6.20"]
[White "Kadric, Denis"]
[Black "Postny, Evgeny"]
[Result "0-1"]
[ECO "C55"]
[WhiteElo "2577"]
[BlackElo "2597"]
[Annotator "ChessBase"]
[PlyCount "94"]
[EventDate "2019.09.28"]
[EventType "team-tourn"]
[EventCountry "CRO"]
[SourceTitle "playchess.com"]
[Source "ChessBase"]
[SourceQuality "1"]
[TimeControl "40/5400+30:1800+30"]

1. e4 e5 2. Nf3 Nc6 3. Bc4 Nf6 4. d3 Be7 5. O-O O-O 6. a4 d6 7. a5 Be6 8. a6 b6 9. Nc3 Qc8 10. Bg5 h6 11. Bxf6 Bxf6 12. Nd5 Bd8 13. c3 Rb8 14. Qa4 Na5 15. Ba2 Qd7 16. Qxd7 Bxd7 17. b4 Nc6 18. d4 Re8 19. Rfe1 Rc8 20. Rad1 Nb8 21. dxe5 dxe5 22. Ne3 c6 23. Rd3 Bc7 24. Red1 Rcd8 25. Bb3 Kf8 26. Nc4 Be6 27. Nfxe5 Rxd3 28. Nxd3 Rd8 29. Ndb2 Rxd1+ 30. Bxd1 b5 31. Na5 Be5 32. Nd3 Bxc3 33. Be2 Ba2 34. Bg4 Bb1 35. Nc5 Bxb4 36. Nab7 Ke7 37. e5 f6 38. f4 fxe5 39. fxe5 Bc3 40. e6 Bg6 41. Kf1 Bd4 42. Ke2 Bxc5 43. Nxc5 Kd6 44. Nb7+ Kc7 45. Nc5 Kd6 46. Nb7+ Kd5 47. e7 Be8 0-1

[Event "28th CRO-chT 1B-Men 2019"]
[Site "Mali Losinj"]
[Date "2019.10.03"]
[Round "6.21"]
[White "Jovanovic, Zoran"]
[Black "Stojanovski, Dejan"]
[Result "1/2-1/2"]
[ECO "B31"]
[WhiteElo "2507"]
[BlackElo "2428"]
[Annotator "ChessBase"]
[PlyCount "35"]
[EventDate "2019.09.28"]
[EventType "team-tourn"]
[EventCountry "CRO"]
[SourceTitle "playchess.com"]
[Source "ChessBase"]
[SourceQuality "1"]
[TimeControl "40/5400+30:1800+30"]

1. e4 c5 2. Nf3 Nc6 3. Bb5 g6 4. O-O Bg7 5. Nc3 e5 6. a3 Nge7 7. b4 b6 8. bxc5 bxc5 9. d3 O-O 10. Bc4 h6 11. Rb1 d6 12. Nd5 Be6 13. Bd2 Rb8 14. Rxb8 Nxb8 15. Qb1 Nxd5 16. exd5 Bg4 17. Qb7 Nd7 18. Qxa7 1/2-1/2